Connexion

Marlies vs Moose

Created - 28 mars 2024 at 05:52

Goals
1 2 3 T
Marlies 1 0 1 2
Moose 0 3 3 6
Shots
1 2 3 T
Marlies 9 7 13 29
Moose 12 13 20 45

GoalsPenalties
1st period
1. Marlies , Loui Eriksson 34 (Max McCormick 58) at 0:43
Brad Malone (TOR) for Slashing (Minor) at 3:26
Fredrik Claesson (MAN) for Diving (Minor) at 5:56
Remi Elie (MAN) for Interference (Minor) at 13:30
2nd period
2. Moose , Cameron Schilling 11 (Jacob Nilsson 25, Jake Virtanen 68) at 6:13
3. Moose , Damien Giroux 22 (Mathieu Olivier 29, Fredrik Claesson 48) at 8:27 (PP)
4. Moose , Damien Giroux 23 (Nikita Scherbak 35, Derrick Pouliot 48) at 15:14
Cal O'Reilly (TOR) for High sticking (Minor) at 6:41
Patrick Maroon (MAN) for Tripping (Minor) at 9:30
Alex Barre-Boulet (MAN) for Hooking (Minor) at 12:03
Derrick Pouliot (MAN) for Hooking (Minor) at 17:33
Mitchell Heard (TOR) for Tripping (Minor) at 17:33
3rd period
5. Moose , Pierre Engvall 39 (Jacob Nilsson 26) at 5:01
6. Marlies , Ian McCoshen 14 (Tyler Lewington 30, Dominik Simon 40) at 7:03 (PP)
7. Moose , Mathieu Olivier 19 (Fredrik Claesson 49, Thomas Hickey 33) at 10:31
8. Moose , Fredrik Claesson 18 (Thomas Hickey 34) at 14:39 (PP)
Fredrik Claesson (MAN) for Roughing (Minor) at 6:53
Mathieu Olivier (MAN) for Tripping (Minor) at 7:27
Max McCormick (TOR) for Cross-checking (Minor) at 13:45
Josh Wesley (TOR) for Hooking (Minor) at 18:09
Goalie Stats
Erik Kallgren (TOR), 39 saves from 45 shots - (0,867), L, 28-27-3, 60:00 minutes
Kaden Fulcher (MAN), 27 saves from 29 shots - (0,931), W, 44-26-4, 60:00 minutes
3 StarsOfficial
1 - Damien Giroux (MAN)
2 - Fredrik Claesson (MAN)
3 - Mathieu Olivier (MAN)
Referees : Rob Martell and Justin StPierre
Linesman : Scott Cherrey and Mark Shewchyk
Game Note
No Game Note
Finance
Level 1 -- Attendance: 1760 (88,00%) -- Ticket Income $61,600
Level 2 -- Attendance: 1000 (100,00%) -- Ticket Income $15,000
Total Attendance: 2760 (92,00%)
Total Ticket Income: $76,600
Other Income: $15,320
Total Income: $91,920



Team Name Goals Shots Shots Attemp Shots Blocked PIM HIT PP PK FO%
Marlies 229481310181 / 6 (17%)260%
Moose 64588414222 / 4 (50%)140%

Marlies
Player Name POS G A P +/- PIM HIT SHT SB MP PP MP PP SHT PK MP PK SHT FO% FOT
Brad Malone C/LW000-1251124:235:1602:28160% 30
Cal O'ReillyC000-1223020:294:4901:09056% 27
Calvin De HaanD000-3011225:415:3713:4800% 0
Dominik SimonC/LW/RW011-1004025:403:2814:00125% 4
Dylan BlujusD000-3020425:255:3103:4800% 0
Ian McCoshenD1010012220:543:4422:4100% 0
Josh WesleyD0000200013:300:5000:0000% 0
Kristian VesalainenLW/RW000-1003011:490:0002:3800% 0
Loui ErikssonLW/RW101-1017118:474:4920:00050% 2
Mathias Brome LW000-1001010:370:0000:00050% 2
Max McCormickC/LW011-1231021:114:4911:51067% 3
Mitchell HeardC000-1200010:360:0000:00067% 9
Skyler McKenzieLW000000000:100:0000:1000% 0
Tim McGauleyC000000004:561:4800:000100% 1
Tim SchallerC/LW/RW0000002113:395:1610:42050% 2
Tyler LewingtonD0110022120:543:4422:4100% 0
Victor EjdsellC000-100209:110:0000:00071% 14
Yegor RykovD0000010113:350:4400:0000% 0
Moose
Player Name POS G A P +/- PIM HIT SHT SB MP PP MP PP SHT PK MP PK SHT FO% FOT
Alec RegulaD0000000115:230:0000:0000% 0
Alex Barre-BouletC/LW/RW0000201014:280:0000:0000% 0
Anthony RichardC/LW0000012014:290:0000:00022% 18
Cameron SchillingD1011002121:123:0414:4700% 0
Damien GirouxC/LW2021006014:592:2810:00036% 22
Derrick PouliotD0111200120:123:0404:4600% 0
Filip ChlapikC/LW000000003:270:0000:00060% 5
Fredrik ClaessonD1232434023:113:2534:0800% 0
Jacob NilssonC/LW0222005019:294:0113:27140% 25
Jake VirtanenRW0112028026:044:0116:38133% 12
Mathieu OlivierLW/RW1121245014:582:2800:00050% 2
Nikita ScherbakLW/RW0111020019:272:2803:27075% 8
Patrick MaroonLW000020003:260:0000:0000% 0
Pierre EngvallLW/RW1012016022:374:0106:3800% 0
Remi ElieLW0000271014:280:0000:000100% 2
Ryan McleodC000000000:000:0000:0000% 0
Thomas Hickey D0222023124:243:2535:1900% 0
Xavier OuelletD0000002015:350:0001:1000% 0



Play-by-Play

1st period


0:01 of 1st period - Jacob Nilsson wins face-off versus Brad Malone in neutral zone.
0:10 of 1st period - Shot by Pierre Engvall.
0:10 of 1st period - Stopped by Erik Kallgren without a rebound.
0:11 of 1st period - Max McCormick wins face-off versus Damien Giroux in Marlies zone.
0:43 of 1st period - Shot by Loui Eriksson.
0:43 of 1st period - Goal by Loui Eriksson - Marlies : 1 - Moose : 0.
0:44 of 1st period - Victor Ejdsell wins face-off versus Anthony Richard in neutral zone.
0:49 of 1st period - Shot by Kristian Vesalainen.
0:49 of 1st period - Stopped by Kaden Fulcher without a rebound.
0:50 of 1st period - Brad Malone wins face-off versus Jacob Nilsson in Moose zone.
0:54 of 1st period - Icing by Fredrik Claesson.
0:55 of 1st period - Jacob Nilsson wins face-off versus Brad Malone in Moose zone.
1:05 of 1st period - Icing by Dylan Blujus.
1:06 of 1st period - Brad Malone wins face-off versus Anthony Richard in Marlies zone.
1:06 of 1st period - Brad Malone is hit by Remi Elie.
1:14 of 1st period - Xavier Ouellet is hit by Brad Malone and loses puck.
2:29 of 1st period - Icing by Yegor Rykov.
2:30 of 1st period - Damien Giroux wins face-off versus Max McCormick in Marlies zone.
2:50 of 1st period - Icing by Cameron Schilling.
2:51 of 1st period - Damien Giroux wins face-off versus Victor Ejdsell in Moose zone.
2:51 of 1st period - Damien Giroux is hit by Brad Malone .
3:26 of 1st period - Minor Penalty to Brad Malone for Slashing.
3:27 of 1st period - Tim Schaller wins face-off versus Jacob Nilsson in Marlies zone.
3:36 of 1st period - Calvin De Haan is hit by Pierre Engvall and loses puck.
3:59 of 1st period - Shot by Fredrik Claesson.
3:59 of 1st period - Stopped by Erik Kallgren with a rebound.
4:01 of 1st period - Shot by Jacob Nilsson.
4:01 of 1st period - Stopped by Erik Kallgren with a rebound.
4:03 of 1st period - Shot by Thomas Hickey .
4:03 of 1st period - Stopped by Erik Kallgren with a rebound.
4:05 of 1st period - Shot by Thomas Hickey .
4:05 of 1st period - Shot Misses the Net.
5:00 of 1st period - Shot by Thomas Hickey .
5:00 of 1st period - Stopped by Erik Kallgren without a rebound.
5:01 of 1st period - Jacob Nilsson wins face-off versus Cal O'Reilly in Marlies zone.
5:14 of 1st period - Shot by Jake Virtanen.
5:14 of 1st period - Stopped by Erik Kallgren without a rebound.
5:15 of 1st period - Damien Giroux wins face-off versus Tim Schaller in Marlies zone.
5:48 of 1st period - Shot by Alex Barre-Boulet.
5:48 of 1st period - Stopped by Erik Kallgren without a rebound.
5:49 of 1st period - Filip Chlapik wins face-off versus Brad Malone in Marlies zone.
5:49 of 1st period - Filip Chlapik is hit by Tyler Lewington.
5:51 of 1st period - Shot by Jake Virtanen.
5:51 of 1st period - Stopped by Erik Kallgren without a rebound.
5:52 of 1st period - Victor Ejdsell wins face-off versus Jacob Nilsson in Marlies zone.
5:56 of 1st period - Minor Penalty to Fredrik Claesson for Diving.
5:57 of 1st period - Brad Malone wins face-off versus Jake Virtanen in Moose zone.
5:58 of 1st period - Shot by Dominik Simon.
5:58 of 1st period - Stopped by Kaden Fulcher without a rebound.
5:59 of 1st period - Dominik Simon wins face-off versus Jake Virtanen in Moose zone.
6:47 of 1st period - Jacob Nilsson is hit by Calvin De Haan and loses puck.
6:50 of 1st period - Shot by Jacob Nilsson.
6:50 of 1st period - Stopped by Erik Kallgren without a rebound.
6:51 of 1st period - Loui Eriksson wins face-off versus Jake Virtanen in Marlies zone.
7:15 of 1st period - Jake Virtanen is hit by Max McCormick and loses puck.
8:04 of 1st period - Shot by Mathias Brome .
8:04 of 1st period - Stopped by Kaden Fulcher with a rebound.
8:30 of 1st period - Josh Wesley is hit by Remi Elie and loses puck.
8:44 of 1st period - Icing by Fredrik Claesson.
8:45 of 1st period - Cal O'Reilly wins face-off versus Anthony Richard in Moose zone.
8:46 of 1st period - Shot by Loui Eriksson.
8:46 of 1st period - Shot Misses the Net.
9:06 of 1st period - Loui Eriksson is hit by Nikita Scherbak.
9:24 of 1st period - Shot by Cameron Schilling.
9:24 of 1st period - Shot Misses the Net.
9:56 of 1st period - Shot by Jake Virtanen.
9:56 of 1st period - Shot Misses the Net.
9:58 of 1st period - Shot by Pierre Engvall.
9:58 of 1st period - Shot Blocked by Dylan Blujus.
10:00 of 1st period - Shot by Xavier Ouellet.
10:00 of 1st period - Stopped by Erik Kallgren without a rebound.
10:01 of 1st period - Brad Malone wins face-off versus Filip Chlapik in Marlies zone.
10:29 of 1st period - Filip Chlapik is hit by Tyler Lewington and loses puck.
10:35 of 1st period - Shot by Jake Virtanen.
10:35 of 1st period - Stopped by Erik Kallgren without a rebound.
10:36 of 1st period - Victor Ejdsell wins face-off versus Anthony Richard in Marlies zone.
10:54 of 1st period - Icing by Derrick Pouliot.
10:55 of 1st period - Mitchell Heard wins face-off versus Anthony Richard in Moose zone.
10:56 of 1st period - Shot by Dominik Simon.
10:56 of 1st period - Shot Misses the Net.
11:02 of 1st period - Shot by Dominik Simon.
11:02 of 1st period - Shot Misses the Net.
11:18 of 1st period - Shot by Tyler Lewington.
11:18 of 1st period - Shot Misses the Net.
11:44 of 1st period - Shot by Jake Virtanen.
11:44 of 1st period - Stopped by Erik Kallgren with a rebound.
11:46 of 1st period - Shot by Jake Virtanen.
11:46 of 1st period - Shot Misses the Net.
11:58 of 1st period - Shot by Jake Virtanen.
11:58 of 1st period - Shot Blocked by Ian McCoshen.
12:00 of 1st period - Shot by Fredrik Claesson.
12:00 of 1st period - Shot Misses the Net.
12:02 of 1st period - Shot by Thomas Hickey .
12:02 of 1st period - Shot Misses the Net.
12:04 of 1st period - Shot by Jake Virtanen.
12:04 of 1st period - Shot Misses the Net.
12:06 of 1st period - Shot by Jake Virtanen.
12:06 of 1st period - Shot Misses the Net.
13:30 of 1st period - Minor Penalty to Remi Elie for Interference.
13:31 of 1st period - Cal O'Reilly wins face-off versus Jake Virtanen in Moose zone.
13:49 of 1st period - Shot by Loui Eriksson.
13:49 of 1st period - Stopped by Kaden Fulcher without a rebound.
13:50 of 1st period - Cal O'Reilly wins face-off versus Jake Virtanen in Moose zone.
13:51 of 1st period - Shot by Max McCormick.
13:51 of 1st period - Stopped by Kaden Fulcher with a rebound.
15:23 of 1st period - Shot by Loui Eriksson.
15:23 of 1st period - Stopped by Kaden Fulcher without a rebound.
15:24 of 1st period - Nikita Scherbak wins face-off versus Cal O'Reilly in Moose zone.
15:46 of 1st period - Remi Elie is hit by Yegor Rykov and loses puck.
16:44 of 1st period - Nikita Scherbak is hit by Loui Eriksson.
16:50 of 1st period - Shot by Damien Giroux.
16:50 of 1st period - Shot Misses the Net.
16:52 of 1st period - Shot by Derrick Pouliot.
16:52 of 1st period - Deflect By Damien Giroux.
16:52 of 1st period - Shot Misses the Net.
17:02 of 1st period - Cal O'Reilly is hit by Jake Virtanen and loses puck.
18:49 of 1st period - Icing by Alec Regula.
18:50 of 1st period - Anthony Richard wins face-off versus Cal O'Reilly in Moose zone.
18:50 of 1st period - Xavier Ouellet is hit by Max McCormick and loses puck.
18:57 of 1st period - Shot by Loui Eriksson.
18:57 of 1st period - Stopped by Kaden Fulcher with a rebound.
19:20 of 1st period - Damien Giroux is hit by Dylan Blujus and loses puck.
19:30 of 1st period - Off-side.
19:31 of 1st period - Victor Ejdsell wins face-off versus Jacob Nilsson in neutral zone.
19:54 of 1st period - Shot by Kristian Vesalainen.
19:54 of 1st period - Deflect By Victor Ejdsell.
19:54 of 1st period - Stopped by Kaden Fulcher without a rebound.
19:55 of 1st period - Tim McGauley wins face-off versus Damien Giroux in Moose zone.
Goals for this period are 1 for Marlies vs 0 for Moose.
Shots for this period are 9 for Marlies vs 12 for Moose.

2nd period


0:01 of 2nd period - Brad Malone wins face-off versus Jacob Nilsson in neutral zone.
0:18 of 2nd period - Shot by Pierre Engvall.
0:18 of 2nd period - Stopped by Erik Kallgren with a rebound.
0:20 of 2nd period - Shot by Jake Virtanen.
0:20 of 2nd period - Shot Misses the Net.
0:22 of 2nd period - Shot by Pierre Engvall.
0:22 of 2nd period - Stopped by Erik Kallgren without a rebound.
0:23 of 2nd period - Damien Giroux wins face-off versus Cal O'Reilly in Marlies zone.
0:34 of 2nd period - Shot by Loui Eriksson.
0:34 of 2nd period - Stopped by Kaden Fulcher without a rebound.
0:35 of 2nd period - Brad Malone wins face-off versus Jacob Nilsson in Moose zone.
0:35 of 2nd period - Brad Malone is hit by Thomas Hickey .
1:33 of 2nd period - Off-side.
1:34 of 2nd period - Remi Elie wins face-off versus Cal O'Reilly in neutral zone.
1:36 of 2nd period - Alec Regula is hit by Ian McCoshen and loses puck.
2:36 of 2nd period - Icing by Tyler Lewington.
2:37 of 2nd period - Cal O'Reilly wins face-off versus Jacob Nilsson in Marlies zone.
3:00 of 2nd period - Icing by Cal O'Reilly.
3:01 of 2nd period - Cal O'Reilly wins face-off versus Damien Giroux in Marlies zone.
3:01 of 2nd period - Cal O'Reilly is hit by Nikita Scherbak.
3:17 of 2nd period - Shot by Damien Giroux.
3:17 of 2nd period - Stopped by Erik Kallgren without a rebound.
3:18 of 2nd period - Jacob Nilsson wins face-off versus Brad Malone in Marlies zone.
3:18 of 2nd period - Jake Virtanen is hit by Dylan Blujus and loses puck.
3:58 of 2nd period - Shot by Tim Schaller.
3:58 of 2nd period - Stopped by Kaden Fulcher with a rebound.
4:28 of 2nd period - Shot by Damien Giroux.
4:28 of 2nd period - Stopped by Erik Kallgren with a rebound.
4:30 of 2nd period - Shot by Damien Giroux.
4:30 of 2nd period - Shot Misses the Net.
4:59 of 2nd period - Shot by Damien Giroux.
4:59 of 2nd period - Stopped by Erik Kallgren without a rebound.
5:00 of 2nd period - Remi Elie wins face-off versus Mitchell Heard in Marlies zone.
5:09 of 2nd period - Shot by Anthony Richard.
5:09 of 2nd period - Stopped by Erik Kallgren without a rebound.
5:10 of 2nd period - Brad Malone wins face-off versus Anthony Richard in Marlies zone.
5:37 of 2nd period - Shot by Alex Barre-Boulet.
5:37 of 2nd period - Shot Misses the Net.
6:11 of 2nd period - Shot by Cameron Schilling.
6:11 of 2nd period - Shot Misses the Net.
6:13 of 2nd period - Shot by Cameron Schilling.
6:13 of 2nd period - Goal by Cameron Schilling - Marlies : 1 - Moose : 1.
6:14 of 2nd period - Cal O'Reilly wins face-off versus Damien Giroux in neutral zone.
6:24 of 2nd period - Max McCormick is hit by Thomas Hickey and loses puck.
6:40 of 2nd period - Shot by Cal O'Reilly.
6:40 of 2nd period - Shot Misses the Net.
6:41 of 2nd period - Minor Penalty to Cal O'Reilly for High sticking.
6:42 of 2nd period - Jacob Nilsson wins face-off versus Dominik Simon in Marlies zone.
6:49 of 2nd period - Shot by Jake Virtanen.
6:49 of 2nd period - Shot Misses the Net.
6:51 of 2nd period - Shot by Jacob Nilsson.
6:51 of 2nd period - Shot Misses the Net.
6:53 of 2nd period - Shot by Jake Virtanen.
6:53 of 2nd period - Shot Blocked by Ian McCoshen.
7:09 of 2nd period - Dylan Blujus is hit by Jake Virtanen and loses puck.
7:46 of 2nd period - Off-side.
7:47 of 2nd period - Brad Malone wins face-off versus Damien Giroux in neutral zone.
8:27 of 2nd period - Shot by Damien Giroux.
8:27 of 2nd period - Goal by Damien Giroux - Marlies : 1 - Moose : 2.
8:28 of 2nd period - Mathias Brome wins face-off versus Anthony Richard in neutral zone.
8:39 of 2nd period - Shot by Mitchell Heard.
8:39 of 2nd period - Shot Misses the Net.
8:47 of 2nd period - Yegor Rykov is hit by Remi Elie and loses puck.
9:00 of 2nd period - Dominik Simon is hit by Remi Elie and loses puck.
9:30 of 2nd period - Minor Penalty to Patrick Maroon for Tripping.
9:31 of 2nd period - Cal O'Reilly wins face-off versus Jake Virtanen in Moose zone.
9:48 of 2nd period - Shot by Ian McCoshen.
9:48 of 2nd period - Shot Misses the Net.
10:44 of 2nd period - Shot by Jake Virtanen.
10:44 of 2nd period - Stopped by Erik Kallgren with a rebound.
11:01 of 2nd period - Icing by Brad Malone .
11:02 of 2nd period - Nikita Scherbak wins face-off versus Brad Malone in Marlies zone.
11:07 of 2nd period - Shot by Nikita Scherbak.
11:07 of 2nd period - Shot Blocked by Dylan Blujus.
11:37 of 2nd period - Icing by Mathias Brome .
11:38 of 2nd period - Mitchell Heard wins face-off versus Anthony Richard in Marlies zone.
11:38 of 2nd period - Mitchell Heard is hit by Remi Elie.
12:03 of 2nd period - Minor Penalty to Alex Barre-Boulet for Hooking.
12:04 of 2nd period - Jake Virtanen wins face-off versus Cal O'Reilly in Moose zone.
12:31 of 2nd period - Shot by Tyler Lewington.
12:31 of 2nd period - Shot Misses the Net.
12:33 of 2nd period - Shot by Tyler Lewington.
12:33 of 2nd period - Stopped by Kaden Fulcher with a rebound.
12:59 of 2nd period - Shot by Calvin De Haan.
12:59 of 2nd period - Stopped by Kaden Fulcher without a rebound.
13:00 of 2nd period - Brad Malone wins face-off versus Nikita Scherbak in Moose zone.
13:03 of 2nd period - Shot by Tim Schaller.
13:03 of 2nd period - Stopped by Kaden Fulcher without a rebound.
13:04 of 2nd period - Nikita Scherbak wins face-off versus Brad Malone in Moose zone.
13:51 of 2nd period - Shot by Max McCormick.
13:51 of 2nd period - Deflect By Cal O'Reilly.
13:51 of 2nd period - Shot Blocked by Derrick Pouliot.
13:59 of 2nd period - Shot by Tyler Lewington.
13:59 of 2nd period - Stopped by Kaden Fulcher without a rebound.
14:00 of 2nd period - Nikita Scherbak wins face-off versus Cal O'Reilly in Moose zone.
14:21 of 2nd period - Shot by Damien Giroux.
14:21 of 2nd period - Shot Misses the Net.
14:23 of 2nd period - Shot by Xavier Ouellet.
14:23 of 2nd period - Stopped by Erik Kallgren without a rebound.
14:24 of 2nd period - Anthony Richard wins face-off versus Cal O'Reilly in Marlies zone.
14:33 of 2nd period - Ian McCoshen is hit by Remi Elie and loses puck.
14:40 of 2nd period - Shot by Anthony Richard.
14:40 of 2nd period - Stopped by Erik Kallgren without a rebound.
14:41 of 2nd period - Mitchell Heard wins face-off versus Damien Giroux in Marlies zone.
15:12 of 2nd period - Shot by Nikita Scherbak.
15:12 of 2nd period - Shot Misses the Net.
15:14 of 2nd period - Shot by Damien Giroux.
15:14 of 2nd period - Goal by Damien Giroux - Marlies : 1 - Moose : 3.
15:15 of 2nd period - Jacob Nilsson wins face-off versus Loui Eriksson in neutral zone.
15:20 of 2nd period - Shot by Pierre Engvall.
15:20 of 2nd period - Shot Misses the Net.
15:33 of 2nd period - Off-side.
15:34 of 2nd period - Anthony Richard wins face-off versus Victor Ejdsell in neutral zone.
15:37 of 2nd period - Victor Ejdsell is hit by Remi Elie and loses puck.
16:28 of 2nd period - Shot by Cal O'Reilly.
16:28 of 2nd period - Shot Blocked by Alec Regula.
16:41 of 2nd period - Off-side.
16:42 of 2nd period - Jacob Nilsson wins face-off versus Dominik Simon in neutral zone.
16:50 of 2nd period - Mitchell Heard is hit by Fredrik Claesson and loses puck.
17:24 of 2nd period - Icing by Ian McCoshen.
17:25 of 2nd period - Damien Giroux wins face-off versus Mitchell Heard in Marlies zone.
17:33 of 2nd period - Minor Penalty to Derrick Pouliot for Hooking.
17:33 of 2nd period - Minor Penalty to Mitchell Heard for Tripping.
17:34 of 2nd period - Jake Virtanen wins face-off versus Brad Malone in Moose zone.
17:55 of 2nd period - Shot by Pierre Engvall.
17:55 of 2nd period - Deflect By Jake Virtanen.
17:55 of 2nd period - Shot Blocked by Dylan Blujus.
17:57 of 2nd period - Shot by Jake Virtanen.
17:57 of 2nd period - Shot Misses the Net.
17:59 of 2nd period - Shot by Pierre Engvall.
17:59 of 2nd period - Stopped by Erik Kallgren with a rebound.
18:01 of 2nd period - Shot by Alec Regula.
18:01 of 2nd period - Shot Blocked by Calvin De Haan.
18:03 of 2nd period - Shot by Alec Regula.
18:03 of 2nd period - Shot Blocked by Calvin De Haan.
18:19 of 2nd period - Jake Virtanen is hit by Cal O'Reilly and loses puck.
19:55 of 2nd period - Shot by Max McCormick.
19:55 of 2nd period - Shot Blocked by Cameron Schilling.
19:57 of 2nd period - Shot by Loui Eriksson.
19:57 of 2nd period - Stopped by Kaden Fulcher without a rebound.
19:58 of 2nd period - Filip Chlapik wins face-off versus Mathias Brome in Moose zone.
Goals for this period are 0 for Marlies vs 3 for Moose.
Shots for this period are 7 for Marlies vs 13 for Moose.

3rd period


0:01 of 3rd period - Brad Malone wins face-off versus Jacob Nilsson in neutral zone.
0:04 of 3rd period - Shot by Dylan Blujus.
0:04 of 3rd period - Deflect By Dominik Simon.
0:04 of 3rd period - Shot Misses the Net.
0:22 of 3rd period - Shot by Jacob Nilsson.
0:22 of 3rd period - Stopped by Erik Kallgren with a rebound.
0:24 of 3rd period - Shot by Jacob Nilsson.
0:24 of 3rd period - The goal is going for a video replay.
0:24 of 3rd period - The goal is refused.
0:25 of 3rd period - Damien Giroux wins face-off versus Cal O'Reilly in Marlies zone.
0:28 of 3rd period - Shot by Damien Giroux.
0:28 of 3rd period - Stopped by Erik Kallgren without a rebound.
0:29 of 3rd period - Max McCormick wins face-off versus Damien Giroux in Marlies zone.
0:29 of 3rd period - Max McCormick is hit by Mathieu Olivier.
0:51 of 3rd period - Icing by Cameron Schilling.
0:52 of 3rd period - Damien Giroux wins face-off versus Brad Malone in Moose zone.
0:52 of 3rd period - Damien Giroux is hit by Brad Malone .
1:29 of 3rd period - Shot by Jake Virtanen.
1:29 of 3rd period - Stopped by Erik Kallgren with a rebound.
1:44 of 3rd period - Dominik Simon is hit by Fredrik Claesson and loses puck.
2:27 of 3rd period - Shot by Remi Elie.
2:27 of 3rd period - Stopped by Erik Kallgren without a rebound.
2:28 of 3rd period - Cal O'Reilly wins face-off versus Anthony Richard in Marlies zone.
2:28 of 3rd period - Cal O'Reilly is hit by Anthony Richard.
3:02 of 3rd period - Shot by Remi Elie.
3:02 of 3rd period - Shot Blocked by Loui Eriksson.
3:47 of 3rd period - Shot by Jake Virtanen.
3:47 of 3rd period - Stopped by Erik Kallgren without a rebound.
3:48 of 3rd period - Mitchell Heard wins face-off versus Damien Giroux in Marlies zone.
4:17 of 3rd period - Mathias Brome is hit by Mathieu Olivier.
4:29 of 3rd period - Shot by Mathieu Olivier.
4:29 of 3rd period - Stopped by Erik Kallgren without a rebound.
4:30 of 3rd period - Cal O'Reilly wins face-off versus Jacob Nilsson in Marlies zone.
4:36 of 3rd period - Loui Eriksson is hit by Fredrik Claesson and loses puck.
4:51 of 3rd period - Shot by Max McCormick.
4:51 of 3rd period - Shot Hit the Post.
4:59 of 3rd period - Shot by Jacob Nilsson.
4:59 of 3rd period - Shot Misses the Net.
5:01 of 3rd period - Shot by Pierre Engvall.
5:01 of 3rd period - Goal by Pierre Engvall - Marlies : 1 - Moose : 4.
5:02 of 3rd period - Filip Chlapik wins face-off versus Victor Ejdsell in neutral zone.
5:44 of 3rd period - Icing by Josh Wesley.
5:45 of 3rd period - Nikita Scherbak wins face-off versus Victor Ejdsell in Marlies zone.
5:54 of 3rd period - Shot by Damien Giroux.
5:54 of 3rd period - Shot Blocked by Yegor Rykov.
5:56 of 3rd period - Shot by Fredrik Claesson.
5:56 of 3rd period - Stopped by Erik Kallgren with a rebound.
6:04 of 3rd period - Shot by Mathieu Olivier.
6:04 of 3rd period - Shot Blocked by Brad Malone .
6:13 of 3rd period - Shot by Mathieu Olivier.
6:13 of 3rd period - Stopped by Erik Kallgren without a rebound.
6:14 of 3rd period - Cal O'Reilly wins face-off versus Anthony Richard in Marlies zone.
6:25 of 3rd period - Alec Regula is hit by Cal O'Reilly.
6:35 of 3rd period - Shot by Loui Eriksson.
6:35 of 3rd period - Shot Misses the Net.
6:37 of 3rd period - Shot by Loui Eriksson.
6:37 of 3rd period - Shot Misses the Net.
6:39 of 3rd period - Shot by Loui Eriksson.
6:39 of 3rd period - Shot Misses the Net.
6:47 of 3rd period - Shot by Cal O'Reilly.
6:47 of 3rd period - Stopped by Kaden Fulcher without a rebound.
6:48 of 3rd period - Mitchell Heard wins face-off versus Jacob Nilsson in Moose zone.
6:53 of 3rd period - Shot by Dominik Simon.
6:53 of 3rd period - Stopped by Kaden Fulcher without a rebound.
6:53 of 3rd period - Minor Penalty to Fredrik Claesson for Roughing.
6:54 of 3rd period - Brad Malone wins face-off versus Jake Virtanen in Moose zone.
7:01 of 3rd period - Shot by Tyler Lewington.
7:01 of 3rd period - Shot Blocked by Thomas Hickey .
7:03 of 3rd period - Shot by Ian McCoshen.
7:03 of 3rd period - Goal by Ian McCoshen - Marlies : 2 - Moose : 4.
7:04 of 3rd period - Jacob Nilsson wins face-off versus Cal O'Reilly in neutral zone.
7:21 of 3rd period - Shot by Cal O'Reilly.
7:21 of 3rd period - Stopped by Kaden Fulcher without a rebound.
7:22 of 3rd period - Damien Giroux wins face-off versus Brad Malone in Moose zone.
7:27 of 3rd period - Minor Penalty to Mathieu Olivier for Tripping.
7:28 of 3rd period - Jake Virtanen wins face-off versus Dominik Simon in Moose zone.
7:28 of 3rd period - Jake Virtanen is hit by Brad Malone .
8:11 of 3rd period - Icing by Dominik Simon.
8:12 of 3rd period - Brad Malone wins face-off versus Jake Virtanen in Marlies zone.
8:47 of 3rd period - Icing by Tyler Lewington.
8:48 of 3rd period - Nikita Scherbak wins face-off versus Cal O'Reilly in Marlies zone.
9:11 of 3rd period - Shot by Ian McCoshen.
9:11 of 3rd period - Stopped by Kaden Fulcher without a rebound.
9:12 of 3rd period - Jake Virtanen wins face-off versus Brad Malone in Moose zone.
9:37 of 3rd period - Shot by Xavier Ouellet.
9:37 of 3rd period - Shot Misses the Net.
9:39 of 3rd period - Shot by Remi Elie.
9:39 of 3rd period - Shot Misses the Net.
9:41 of 3rd period - Shot by Remi Elie.
9:41 of 3rd period - Shot Misses the Net.
10:31 of 3rd period - Shot by Mathieu Olivier.
10:31 of 3rd period - Goal by Mathieu Olivier - Marlies : 2 - Moose : 5.
10:32 of 3rd period - Cal O'Reilly wins face-off versus Jacob Nilsson in neutral zone.
10:35 of 3rd period - Shot by Loui Eriksson.
10:35 of 3rd period - Shot Misses the Net.
11:15 of 3rd period - Shot by Pierre Engvall.
11:15 of 3rd period - Stopped by Erik Kallgren without a rebound.
11:16 of 3rd period - Victor Ejdsell wins face-off versus Damien Giroux in Marlies zone.
11:40 of 3rd period - Shot by Victor Ejdsell.
11:40 of 3rd period - Shot Misses the Net.
11:42 of 3rd period - Shot by Kristian Vesalainen.
11:42 of 3rd period - Stopped by Kaden Fulcher without a rebound.
11:43 of 3rd period - Anthony Richard wins face-off versus Mitchell Heard in Moose zone.
12:34 of 3rd period - Icing by Alec Regula.
12:35 of 3rd period - Cal O'Reilly wins face-off versus Anthony Richard in Moose zone.
12:50 of 3rd period - Shot by Cal O'Reilly.
12:50 of 3rd period - Stopped by Kaden Fulcher with a rebound.
12:58 of 3rd period - Shot by Jake Virtanen.
12:58 of 3rd period - Stopped by Erik Kallgren without a rebound.
12:59 of 3rd period - Victor Ejdsell wins face-off versus Mathieu Olivier in Marlies zone.
12:59 of 3rd period - Victor Ejdsell is hit by Mathieu Olivier.
13:05 of 3rd period - Shot by Victor Ejdsell.
13:05 of 3rd period - Stopped by Kaden Fulcher without a rebound.
13:06 of 3rd period - Victor Ejdsell wins face-off versus Jacob Nilsson in Moose zone.
13:15 of 3rd period - Shot by Jacob Nilsson.
13:15 of 3rd period - Stopped by Erik Kallgren with a rebound.
13:44 of 3rd period - Icing by Fredrik Claesson.
13:45 of 3rd period - Jacob Nilsson wins face-off versus Cal O'Reilly in Moose zone.
13:45 of 3rd period - Minor Penalty to Max McCormick for Cross-checking.
13:46 of 3rd period - Brad Malone wins face-off versus Damien Giroux in Marlies zone.
13:55 of 3rd period - Shot by Brad Malone .
13:55 of 3rd period - Stopped by Kaden Fulcher without a rebound.
13:56 of 3rd period - Brad Malone wins face-off versus Nikita Scherbak in Moose zone.
13:59 of 3rd period - Shot by Dominik Simon.
13:59 of 3rd period - Stopped by Kaden Fulcher without a rebound.
14:00 of 3rd period - Jacob Nilsson wins face-off versus Brad Malone in Moose zone.
14:39 of 3rd period - Shot by Fredrik Claesson.
14:39 of 3rd period - Goal by Fredrik Claesson - Marlies : 2 - Moose : 6.
14:40 of 3rd period - Cal O'Reilly wins face-off versus Damien Giroux in neutral zone.
14:42 of 3rd period - Off-side.
14:43 of 3rd period - Cal O'Reilly wins face-off versus Damien Giroux in neutral zone.
14:51 of 3rd period - Damien Giroux is hit by Max McCormick and loses puck.
14:56 of 3rd period - Shot by Loui Eriksson.
14:56 of 3rd period - Stopped by Kaden Fulcher without a rebound.
14:57 of 3rd period - Mitchell Heard wins face-off versus Filip Chlapik in Moose zone.
16:08 of 3rd period - Shot by Damien Giroux.
16:08 of 3rd period - Shot Misses the Net.
16:10 of 3rd period - Shot by Mathieu Olivier.
16:10 of 3rd period - Deflect By Damien Giroux.
16:10 of 3rd period - Shot Misses the Net.
16:12 of 3rd period - Shot by Damien Giroux.
16:12 of 3rd period - Deflect By Mathieu Olivier.
16:12 of 3rd period - Stopped by Erik Kallgren without a rebound.
16:13 of 3rd period - Victor Ejdsell wins face-off versus Anthony Richard in Marlies zone.
16:17 of 3rd period - Off-side.
16:18 of 3rd period - Victor Ejdsell wins face-off versus Anthony Richard in neutral zone.
16:27 of 3rd period - Shot by Kristian Vesalainen.
16:27 of 3rd period - Stopped by Kaden Fulcher without a rebound.
16:28 of 3rd period - Mathieu Olivier wins face-off versus Brad Malone in Moose zone.
16:28 of 3rd period - Mathieu Olivier is hit by Brad Malone .
16:31 of 3rd period - Icing by Damien Giroux.
16:32 of 3rd period - Brad Malone wins face-off versus Damien Giroux in Moose zone.
16:39 of 3rd period - Shot by Dominik Simon.
16:39 of 3rd period - Stopped by Kaden Fulcher with a rebound.
17:01 of 3rd period - Shot by Damien Giroux.
17:01 of 3rd period - Shot Blocked by Tim Schaller.
17:03 of 3rd period - Shot by Mathieu Olivier.
17:03 of 3rd period - Stopped by Erik Kallgren with a rebound.
17:07 of 3rd period - Shot by Damien Giroux.
17:07 of 3rd period - Shot Hit the Post.
17:50 of 3rd period - Off-side.
17:51 of 3rd period - Victor Ejdsell wins face-off versus Anthony Richard in neutral zone.
18:09 of 3rd period - Minor Penalty to Josh Wesley for Hooking.
18:10 of 3rd period - Brad Malone wins face-off versus Jacob Nilsson in Marlies zone.
18:19 of 3rd period - Shot by Derrick Pouliot.
18:19 of 3rd period - Shot Blocked by Dylan Blujus.
18:21 of 3rd period - Shot by Cameron Schilling.
18:21 of 3rd period - Stopped by Erik Kallgren without a rebound.
18:22 of 3rd period - Brad Malone wins face-off versus Jacob Nilsson in Marlies zone.
18:27 of 3rd period - Shot by Fredrik Claesson.
18:27 of 3rd period - Stopped by Erik Kallgren without a rebound.
18:28 of 3rd period - Brad Malone wins face-off versus Jacob Nilsson in Marlies zone.
19:05 of 3rd period - Shot by Thomas Hickey .
19:05 of 3rd period - Stopped by Erik Kallgren without a rebound.
19:06 of 3rd period - Cal O'Reilly wins face-off versus Damien Giroux in Marlies zone.
19:06 of 3rd period - Cal O'Reilly is hit by Mathieu Olivier.
19:18 of 3rd period - Shot by Mathieu Olivier.
19:18 of 3rd period - Shot Misses the Net.
19:20 of 3rd period - Shot by Derrick Pouliot.
19:20 of 3rd period - Shot Misses the Net.
19:22 of 3rd period - Shot by Cameron Schilling.
19:22 of 3rd period - Deflect By Mathieu Olivier.
19:22 of 3rd period - Shot Blocked by Tyler Lewington.
19:24 of 3rd period - Shot by Cameron Schilling.
19:24 of 3rd period - Shot Misses the Net.
Goals for this period are 1 for Marlies vs 3 for Moose.
Shots for this period are 13 for Marlies vs 20 for Moose.